AoeStats
← November_jp

Scandinavia

510744904Analyzed
1v1 RM · 1d ago on Oct 2, 2026· 21m 48s· 2 players
Game mode
Random Map
Map size
Tiny (2 player)
Population
200
Speed
Normal
Resources
Standard
Victory
Conquest
Starting age
Dark Age
Ending age
Imperial Age
RankedLock teamsTeams togetherTeam positionsShared explorationLock speedFull tech treeHidden civsTurbo modeCheats
Victory
Defeat
🇧🇷 Spanish · Brazil
1035
+14
🇰🇷 Franks · South Korea
1000
-42
November_jp
11:50 Feudal Age
14:11 Double-Bit Axe
22:24 Castle Age
20:44 Scale Barding Armor
Dr. Albieri
1:48 Loom
11:47 Feudal Age
18:27 Castle Age
17:56 Horse Collar
18:03 Double-Bit Axe
18:30 Bloodlines
Connection lost

Rejoining the realm…

Still unreachable

The connection could not be restored.

Session expired

The server has moved on; the page needs a fresh start.